 Seeded DCSS version 0.29.1-15-g9cfb28693d (webtiles) character file.

Game seed: 9818147558818399312 (custom seed)

11764 Psyclone the Thaumaturge (level 11, -19/68 HPs)
             Began as a Deep Elf Conjurer on Sept 22, 2023.
             Was a Believer of Vehumet.
             Demolished by a two-headed ogre
             ... wielding a +0 giant spiked club
              (28 damage)
             ... on level 10 of the Dungeon.
             The game lasted 00:36:15 (14958 turns).

Psyclone the Thaumaturge (Deep Elf Conjurer)       Turns: 14958, Time: 00:36:16

Health: -19/68     AC:  6    Str:  4    XL:     11   Next: 53%
Magic:  18/29      EV: 16    Int: 28    God:    Vehumet [**....]
Gold:   790        SH:  0    Dex: 17    Spells: 25/34 levels left

rFire   + . .      SeeInvis .   a - staff of conjuration
rCold   . . .      Faith    .   (no shield)
rNeg    . . .      Spirit   .   m - +2 robe of Deukkilapy {rF+ Dex+4 Archmagi}
rPois   .          Reflect  .   (no helmet)
rElec   .          Harm     .   E - +0 cloak
rCorr   .          Rampage  .   (no gloves)
Will    +....      Archmagi +   q - +0 pair of boots
Stlth   ++........              l - amulet of the acrobat
HPRegen 0.21/turn               j - ring of wizardry
MPRegen 0.21/turn               (no ring)

@: no status effects
A: no striking features
a: Renounce Religion


You were on level 10 of the Dungeon.
You worshipped Vehumet.
Vehumet was pleased with you.
You visited 2 branches of the dungeon, and saw 12 of its levels.
You also visited: Ossuary.

You collected 909 gold pieces.
You spent 119 gold pieces at shops.

Inventory:

Armour
 m - the +2 robe of Deukkilapy (worn) {rF+ Dex+4 Archmagi}
   (You bought it in a shop on level 1 of the Dungeon)

   Dex:       It affects your dexterity (+4).
   rF:        It protects you from fire.
   Archmagi:  It increases the power of your magical spells.
 q - a +0 pair of boots (worn)
 E - a +0 cloak (worn)
Magical Staves
 a - a staff of conjuration (weapon)
Jewellery
 d - an amulet of magic regeneration
 j - a ring of wizardry (left hand)
 l - an amulet of the acrobat (around neck)
Wands
 p - a wand of charming (15)
 r - a wand of mindburst (36)
 w - a wand of iceblast (19)
 H - a wand of polymorph (12)
 I - a wand of quicksilver (13)
Scrolls
 e - 3 scrolls of acquirement
 f - 2 scrolls of summoning
 g - a scroll of butterflies
 h - 4 scrolls of magic mapping
 n - 10 scrolls of teleportation
 s - 3 scrolls of torment
 t - a scroll of noise
 y - 2 scrolls of vulnerability
 A - a scroll of amnesia
 B - a scroll of blinking
 C - a scroll of fear
 G - a scroll of enchant armour
 J - a scroll of poison
 K - a scroll of immolation
 L - 5 scrolls of identify {@r1}
Potions
 b - 2 potions of magic
 c - a potion of curing
 i - a potion of ambrosia
 k - 4 potions of lignification
 o - 4 potions of heal wounds
 u - 2 potions of might
 v - 3 potions of haste
 x - a potion of berserk rage
 z - 2 potions of resistance
 D - 4 potions of brilliance
 F - a potion of flight
Miscellaneous
 M - a piece from Xom's chessboard (15/15)


   Skills:
 - Level 8.0 Fighting
 - Level 8.0 Dodging
 - Level 2.4 Stealth
 - Level 12.0 Spellcasting
 - Level 12.0 Conjurations
 - Level 6.0 Hexes
 + Level 2.9 Fire Magic


You had 25 spell levels left.
You knew the following spells:

 Your Spells              Type           Power      Damage    Failure   Level
a - Magic Dart            Conj           100%       1d8       0%          1
b - Searing Ray           Conj           100%       2d8       1%          2
c - Scorch                Fire           98%        2d9       1%          2
d - Fulminant Prism       Conj/Hex       50%        3d23      1%          4

Your spell library contained the following spells:

 Spells                   Type           Power      Damage    Failure   Level
 Summon Small Mammal      Summ           100%       N/A       1%          1
 Dazzling Flash           Conj/Hex       100%       N/A       1%          3
 Summon Guardian Golem    Hex/Summ       50%        N/A       1%          3
 Iskenderun's Mystic Bla  Conj/Tloc      85%        2d17      1%          4
 Iskenderun's Battlesphe  Conj           100%       2d15      1%          5
 Call Canine Familiar     Summ           25%        N/A       4%          3
 Corpse Rot               Necr/Pois/Air  25%        N/A       13%         4
 Dispel Undead            Necr           25%        3d12      13%         4
 Iron Shot                Conj/Erth      42%        9d8       16%         6
 Spellforged Servitor     Conj/Summ      42%        N/A       65%         7
 Death Channel            Necr           12%        N/A       86%         6


Dungeon Overview and Level Annotations

Branches:
Dungeon (11/15) Zot: 25810  Temple (1/1) D:5 Zot: 5985    Lair (0/5) D:9
    Orc (0/2) D:9         Ossuary (visited)

Altars:
Ashenzari
Cheibriados
Dithmenos
Elyvilon
Fedhas
Gozag
Hepliaklqana
Kikubaaqudgha
Makhleb
Nemelex Xobeh
Okawaru
Qazlal
Ru
Sif Muna
Trog
Uskayaw
Vehumet
Wu Jian
Xom
Yredelemnul
Zin
The Shining One

Shops:
D:1 [([[=   D:4 (   D:8 (   D:9 *   D:10 :

Annotations:
D:4 3 runed translucent doors, Libra00's ghost, amateur TrFi; croobank's ghost, amateur OpDe
D:8 2 transporters, byup00's ghost, novice TrBe
D:9 3 runed translucent doors
D:10 exclusions: downstairs and 1 more exclusion


Message History

You conjure a prism of explosive energy!
A fulminant prism comes into view.
The kobold misses you.
You now have 25/29 mp.
Your fulminant prism crackles loudly.
The two-headed ogre closely misses you. The two-headed ogre barely misses you.
The kobold completely misses you.
Your fulminant prism explodes!
The blast of energy engulfs the two-headed ogre!!!
The two-headed ogre is heavily wounded.
The blast of energy engulfs the kobold!!!
You kill the kobold!
Vehumet accepts your kill.
Casting: Fulminant Prism (safe; 1% risk of failure)
Confirm with . or Enter, or press ? or * to list all spells.
Aiming: Fulminant Prism (safe; 1% risk of failure)
Press: ? - help, Dir - move target You feel a strong surge of power!
You conjure a prism of explosive energy!
A fulminant prism comes into view.
The two-headed ogre hits you with a +0 giant spiked club!!
The two-headed ogre hits you with a +0 giant spiked club!
* * * LOW HITPOINT WARNING * * *
You take 37 damage, and have 8/68 hp.
MASSIVE DAMAGE!!
You now have 21/29 mp.
Your fulminant prism crackles loudly.
Your fulminant prism explodes!
The blast of energy engulfs the two-headed ogre!!
The two-headed ogre is almost dead.
Casting: Fulminant Prism (safe; 1% risk of failure)
Confirm with . or Enter, or press ? or * to list all spells.
Aiming: Fulminant Prism (safe; 1% risk of failure)
Press: ? - help, Dir - move target You feel a strong surge of power!
You conjure a prism of explosive energy!
A fulminant prism comes into view.
You now have 18/29 mp.
The two-headed ogre attacks as you move away!
The two-headed ogre barely misses you.
The two-headed ogre hits you with a +0 giant spiked club!!
You die...

###.## #.....####
....## #......#.##
###..## #.........##
...#..## #..........#
....#..## #..........#
.....#..###..........#
.....##..##.........##
....####...........##
....# ##.......@..#
..)## #.......*O..#
...# ##...........#
..## #....#.....).#
.## ##...###....>.# .#
#...## ##.....# ##
#.### ##....# # ###
##...# ##..##


You could see a two-headed ogre (ally target) and a friendly fulminant prism.

Vanquished Creatures
  2 two-headed ogres
  A deep elf pyromancer (D:11)
  An ugly thing (D:11)
  Joseph (D:8)
  3 komodo dragons
  A meliai (D:11)
  A hornet (D:8)
  A polar bear (shapeshifter) (D:10)
  Grinder (D:3)
  Sigmund (D:3)
  A vampire (D:10)
  A wraith (D:11)
  A wyvern (D:9)
  13 yaks
  Eustachio (D:5)
  4 vampire mosquitoes (D:7)
  3 acid dragons
  Duvessa (D:5)
  A water moccasin (D:9)
  4 orc warriors
  An ice beast (D:4)
  4 sky beasts
  An ogre (D:6)
  2 centaurs
  2 kobold brigands
  3 phantoms
  7 bullfrogs
  2 gnoll sergeants (D:8)
  2 scorpions
  9 wights (D:7)
  Dowan (D:5)
  7 killer bees
  2 howler monkeys
  A centaur zombie (Ossuary)
  3 jellies (D:6)
  8 orc priests
  4 hounds
  2 human zombies (Ossuary)
  Crazy Yiuf (D:7)
  Ijyb (D:3)
  11 orc wizards
  2 mummies (Ossuary)
  Robin (D:4)
  17 gnolls
  7 adders
  A shadow imp (D:7)
  3 adder zombies (Ossuary)
  A worm (D:2)
  A dart slug (D:4)
  35 orcs
  A bat (D:2)
  4 endoplasms
  6 giant cockroaches
  10 goblins
  8 hobgoblins
  3 jackals (D:2)
  18 kobolds
  A quokka (D:3)
  5 ball pythons
  2 frilled lizards
  A goblin zombie (Ossuary)
  11 hobgoblin zombies (Ossuary)
  2 jackal zombies (Ossuary)
  6 kobold zombies (Ossuary)
  11 orc zombies (Ossuary)
  5 rats
279 creatures vanquished.

Vanquished Creatures (others)
  44 fulminant prisms
  37 fungi (D:9)
  37 plants
118 creatures vanquished.

Grand Total: 397 creatures vanquished

Notes
Turn   | Place    | Note
-------+----------+-------------------------------------------
     0 | D:1      | Psyclone the Deep Elf Conjurer began the quest for the Orb.
     0 | D:1      | Reached XP level 1. HP: 10/10 MP: 6/6
    78 | D:1      | Found Beetzaaf's Antique Armour Boutique.
   191 | D:1      | Found Qacorgha's Antique Armour Emporium.
   318 | D:1      | Reached XP level 2. HP: 15/15 MP: 2/8
   371 | D:1      | Learned a level 2 spell: Searing Ray
   441 | D:1      | Reached skill level 5 in Conjurations
   593 | D:1      | Found a faded altar of an unknown god.
   652 | D:1      | Found Rakamath's Antique Armour Shop.
   654 | D:1      | Found Haucoq's Antique Weapon Emporium.
   865 | D:1      | Found Zyntoaza's Jewellery Shoppe.
  1041 | D:1      | Bought an ichor-stained robe for 119 gold pieces
  1041 | D:1      | Identified the +2 robe of Deukkilapy {rF+ Dex+4 Archmagi}
                  | (You bought it in a shop on level 1 of the Dungeon)
  1218 | D:2      | Reached XP level 3. HP: 19/19 MP: 0/9
  1702 | D:3      | Reached XP level 4. HP: 24/24 MP: 4/11
  2053 | D:3      | Noticed Sigmund
  2137 | D:3      | Killed Sigmund
  2138 | D:3      | Reached skill level 5 in Spellcasting
  2138 | D:3      | Reached XP level 5. HP: 17/28 MP: 7/14
  2138 | D:3      | Reached XP level 6. HP: 20/32 MP: 7/15
  2357 | D:3      | Noticed Ijyb
  2372 | D:3      | Killed Ijyb
  2403 | D:3      | Noticed Grinder
  2492 | D:3      | Killed Grinder
  2580 | D:3      | Identified the +0 ring mail of Kyfeosu {Will+}
  2626 | D:3      | Reached XP level 7. HP: 36/36 MP: 12/18
  2964 | D:4      | Found Heig Gilaf's Antique Weapon Emporium.
  3099 | D:4      | Learned a level 4 spell: Fulminant Prism
  3244 | D:4      | Reached skill level 1 in Hexes
  3272 | D:4      | Found a runed translucent gate.
  3272 | D:4      | Found a runed translucent gate.
  3272 | D:4      | Found a runed translucent gate.
  3273 | D:4      | Noticed Libra00's ghost (amateur TrFi)
  3274 | D:4      | Noticed croobank's ghost (amateur OpDe)
  3274 | D:4      | Found the +9 staff of Wucad Mu {*channel}
  3333 | D:4      | Noticed Robin
  3340 | D:4      | Killed Robin
  3420 | D:4      | Found a sand-covered staircase.
  3427 | Ossuary  | Entered an ossuary
  4000 | Ossuary  | Reached skill level 5 in Hexes
  5266 | D:4      | Identified 3 scrolls of acquirement
  5284 | D:5      | Entered Level 5 of the Dungeon
  5356 | D:5      | Reached XP level 8. HP: 41/41 MP: 5/21
  5592 | D:5      | Found a sacrificial altar of Ru.
  5617 | D:5      | Noticed Duvessa
  5617 | D:5      | Noticed Dowan
  5621 | D:5      | Killed Dowan
  5624 | D:5      | Killed Duvessa
  5625 | D:5      | Reached skill level 1 in Fighting
  5809 | D:5      | Noticed Eustachio
  5815 | D:5      | Killed Eustachio
  6018 | D:5      | Found a glowing golden altar of the Shining One.
  6105 | D:5      | Found a staircase to the Ecumenical Temple.
  6114 | Temple   | Entered the Ecumenical Temple
  6121 | Temple   | Became a worshipper of Vehumet
  6151 | D:5      | Found a bloodstained altar of Trog.
  6301 | D:6      | Reached skill level 5 in Dodging
  7054 | D:6      | Reached XP level 9. HP: 52/52 MP: 17/23
  8173 | D:7      | Reached skill level 5 in Fighting
  8612 | D:7      | Reached * piety under Vehumet
  8612 | D:7      | Offered knowledge of Shock by Vehumet.
  8928 | D:7      | Found a runed translucent door.
  8929 | D:7      | Noticed Crazy Yiuf
  8936 | D:7      | Killed Crazy Yiuf
  9211 | D:8      | Reached XP level 10. HP: 63/63 MP: 19/24
  9711 | D:8      | Found a basalt altar of Yredelemnul.
  9833 | D:8      | Noticed Joseph
  9843 | D:8      | Killed Joseph
  9908 | D:8      | Paralysed by a hornet for 2 turns
  9909 | D:8      | HP: 3/64 [poisoned by a hornet]
  9914 | D:8      | Paralysed by a hornet for 2 turns
  9915 | D:8      | HP: 3/64 [hornet (2)]
 10233 | D:8      | Noticed a two-headed ogre
 10246 | D:8      | Killed a two-headed ogre
 10247 | D:8      | Reached skill level 10 in Spellcasting
 10507 | D:8      | Found Hicret's Antique Weapon Boutique.
 10882 | D:8      | Found a transporter.
 10882 | D:8      | Identified the +3 dire flail of Accord {vorpal, Str+4}
 10884 | D:8      | Found a transporter.
 10884 | D:8      | Noticed byup00's ghost (novice TrBe)
 11216 | D:9      | Found a shadowy altar of Dithmenos.
 11217 | D:9      | Found a blossoming altar of Fedhas.
 11240 | D:9      | Offered knowledge of Scorch by Vehumet.
 11240 | D:9      | Reached ** piety under Vehumet
 11846 | D:9      | Found a staircase to the Orcish Mines.
 11851 | D:9      | Found an ancient bone altar of Kikubaaqudgha.
 11881 | D:9      | Reached XP level 11. HP: 20/68 MP: 19/29
 12139 | D:9      | Learned a level 2 spell: Scorch
 12170 | D:9      | Reached skill level 10 in Conjurations
 12452 | D:9      | Found Pikk's Gadget Gallery.
 12461 | D:9      | Found a runed translucent gate.
 12461 | D:9      | Found a runed translucent gate.
 12461 | D:9      | Found a runed translucent gate.
 12465 | D:9      | Noticed a red ugly thing
 12466 | D:9      | Noticed a purple ugly thing
 12467 | D:9      | Noticed a purple ugly thing
 12468 | D:9      | Noticed a purple ugly thing
 12580 | D:9      | Found a staircase to the Lair.
 12723 | D:10     | Entered Level 10 of the Dungeon
 12886 | D:10     | Found Wusuus's Book Shoppe.
 13804 | D:11     | Noticed a centaur warrior
 14212 | D:11     | Noticed a green ugly thing
 14222 | D:11     | Killed a green ugly thing
 14222 | D:11     | HP: 3/68 [poisoned by a green ugly thing]
 14503 | D:11     | Noticed a deep elf pyromancer
 14514 | D:11     | Killed a deep elf pyromancer
 14515 | D:11     | Noticed a two-headed ogre
 14678 | D:11     | Noticed a two-headed ogre
 14687 | D:10     | Killed a two-headed ogre
 14958 | D:10     | Demolished by a two-headed ogre

Illustrated notes

Levels and vault maps discovered:
D:1:      moated_graveyard_arrival, layout_basic, serial_shops, shop,
          shop_coins, shop, nicolae_shop_stone, nicolae_shop_hallway_stairs,
          shapermc_ecumenical_altar_hornbeckon
D:2:      layout_basic
D:3:      layout_basic, uniq_sigmund, uniq_grinder, uniq_ijyb
D:4:      layout_basic, serial_shops, shop, gammafunk_ghost_cemetery,
          nicolae_ossuary_entry_plus, kennysheep_generic_room_3, uniq_robin
D:5:      layout_basic, mainiacjoe_overflow_catch_the_wave, tso_oasis_becter,
          minmay_temple_entry_poolview, uniq_eustachio, uniq_duvessa
D:6:      layout_basic, minivault_22
D:7:      layout_basic, uniq_crazy_yiuf_cottage
D:8:      layout_loops_corners, lemuel_coloured_pillars_altar, serial_shops,
          nicolae_shop_overgrown_old_shop, gammafunk_ghost_smash, uniq_joseph
D:9:      layout_cave_pools, jmf_multi_god_temple,
          mainiacjoe_overflow_cross_hatched, due_lair_maze_entry_diamond,
          david_orc_3, ploomutoo_gammafunk_ghost_potion_laboratory,
          nicolae_shop_gadgets
D:10:     layout_cave_pods, nicolae_take_the_stairs
D:11:     minmay_the_grid_octo_tiled_octocenter_mashed
          [minmay_the_grid_octo_pinwheel, minmay_the_grid_octo_empty,
          minmay_the_grid_octo_horde, minmay_the_grid_octo_vomiting_pacman,
          minmay_the_grid_octo_prize_square_snowflake,
          minmay_the_grid_square_5x5_c, minmay_the_grid_square_5x5_inner_i,
          minmay_the_grid_square_5x5_inverted_slash,
          minmay_the_grid_square_5x5_n], layout_rooms
Temple:   nicolae_temple_no_exploring_needed

Skill      XL: |  1  2  3  4  5  6  7  8  9 10 11 |
---------------+----------------------------------+-----
Conjurations   | 5 6 7 8 9 12 | 12.0
Spellcasting   | 5 6 7 8 12 | 12.0
Hexes          | 6 |  6.0
Dodging        | 6 8 |  8.0
Fighting       | 3 7 8 |  8.0
Fire Magic     | 2 |  2.9
Stealth        | |  2.4

Action                   |  1- 3 |  4- 6 |  7- 9 | 10-12 || total
-------------------------+-------+-------+-------+-------++-------
Melee: Staff             |     5 |       |    27 |     3 ||    35
       Punch             |       |       |     1 |       ||     1
 Cast: Magic Dart        |    39 |    32 |    51 |    58 ||   180
       Searing Ray       |     6 |    11 |    84 |    50 ||   151
       Fulminant Prism   |       |       |    12 |    33 ||    45
Evoke: Wand              |       |       |       |     1 ||     1
  Use: Scroll            |       |       |    19 |     5 ||    24
       Potion            |       |       |       |     7 ||     7
Armor: Robe              |     2 |     1 |    18 |    26 ||    47
Dodge: Dodged            |     7 |     3 |    90 |    96 ||   196
